 Dungeon Crawl Stone Soup version 0.30-a0-596-g0af90f9a20 (console) character file.

Game seed: 83020794851884502

25 Lianjan the Gusty (level 3, -2/31 HPs)
             Began as an Ogre Air Elementalist on Jan 7, 2023.
             Slain by a gnoll
             ... wielding a +0 club
              (4 damage)
             ... on level 2 of the Dungeon.
             The game lasted 00:08:47 (1575 turns).

Lianjan the Gusty (Ogre Air Elementalist)           Turns: 1575, Time: 00:08:48

Health: -2/31      AC:  4    Str: 12    XL:     3   Next: 6%
Magic:  1/6        EV:  9    Int: 18    God:
Gold:   49         SH:  0    Dex:  9    Spells: 0/6 levels left

rFire   . . .      SeeInvis .    f - +0 dagger
rCold   . . .      Faith    .    (no shield)
rNeg    . . .      Spirit   .    a - +0 robe
rPois   .          Reflect  .    (helmet restricted)
rElec   .          Harm     .    c - +0 cloak
rCorr   .          Rampage  .    (gloves unavailable)
Will    .....                    (boots unavailable)
Stlth   +                        (no amulet)
HPRegen 0.25/turn                (no ring)
MPRegen 0.10/turn                (no ring)

@: no status effects
A: large, unfitting armour, tough skin 1
a: no special abilities


You were on level 2 of the Dungeon.
You visited 1 branch of the dungeon, and saw 2 of its levels.

You collected 49 gold pieces.

Inventory:

Hand Weapons
 f - a +0 dagger (weapon)
Missiles
 d - 13 stones
 h - 2 boomerangs (quivered)
Armour
 a - a +0 robe (worn)
 c - a +0 cloak (worn)
Scrolls
 g - a scroll of butterflies {unknown}
 i - a scroll of blinking {unknown}
 l - a scroll of identify {unknown}
 m - a scroll of teleportation {unknown}
Potions
 b - a potion of magic
 e - a potion of cancellation {unknown}
 j - a potion of heal wounds {unknown}
 k - a potion of mutation {unknown}
 n - 2 potions of degeneration {unknown}


   Skills:
 - Level 1.7 Dodging
 - Level 1.4 Stealth
 - Level 2.4 Spellcasting
 + Level 2.6 Conjurations
 - Level 2.6 Air Magic


You couldn't memorise any spells.
You knew the following spells:

 Your Spells              Type           Power      Damage    Failure   Level
a - Shock                 Conj/Air       44%        1d5       6%          1
b - Static Discharge      Conj/Air       22%        2-3/arc   9%          2
c - Swiftness             Air            11%        N/A       17%         3

Your spell library contained the following spells:

 Spells                   Type           Power      Damage    Failure   Level
 Necrotise                Necr           8%         1d4       17%         1
 Summon Guardian Golem    Hex/Summ       2%         N/A       45%         3
 Vampiric Draining        Necr           2%         2d6       45%         3
 Airstrike                Air            5%         2d(1-17)  50%         4
 Agony                    Necr           2%         N/A       99%         5
 Orb of Destruction       Conj           5%         9d5       100%        7
 Spellforged Servitor     Conj/Summ      3%         N/A       100%        7


Dungeon Overview and Level Annotations

Branches:
Dungeon (2/15)

Altars:

Annotations:
D:2 Robin


Innate Abilities, Weirdness & Mutations

You are too large for most types of armour.
You have tough skin. (AC +1)


Message History

Aiming: Shock (safe; 6% risk of failure)
Press: ? - help, Q - select action, (/) - cycle Shift-Dir - straight line, f/p - gnoll
Aim: a gnoll, wielding a +0 club and wearing a +0 ring mail (moderately wounded, 77% to hit)
The zap hits the gnoll.
The gnoll is heavily wounded.
Your magical contamination has completely faded away.
The gnoll attacks as you move away! The gnoll hits you but does no damage.
A gnoll comes into view. It is wielding a +0 club.
The gnoll hits you with a +0 club. The gnoll attacks as you move away!
The gnoll hits you with a +0 club. The gnoll attacks as you move away!
The gnoll hits you but does no damage. The gnoll attacks as you move away!
The gnoll closely misses you. The gnoll attacks as you move away!
The gnoll closely misses you.
Casting: Static Discharge (safe; 9% risk of failure)
Press: ? - help, Q - select action, (/) - cycle Dir - look around, f - activate You miscast Static Discharge.
You are very lightly contaminated with residual magic.
Nothing appears to happen.
The gnoll barely misses you. The gnoll attacks as you move away!
The gnoll completely misses you. The gnoll attacks as you move away!
The gnoll hits you with a +0 club. The gnoll attacks as you move away!
The gnoll hits you with a +0 club! The gnoll attacks as you move away!
The gnoll hits you with a +0 club.
Your magical contamination has completely faded away.
The gnoll attacks as you move away! The gnoll hits you but does no damage.
The gnoll attacks as you move away! The gnoll hits you with a +0 club.
The gnoll attacks as you move away! The gnoll hits you with a +0 club.
* * * LOW HITPOINT WARNING * * *
You see here a +0 dagger.
You see here a frilled lizard corpse.
The gnoll attacks as you move away! The gnoll hits you with a +0 club!
* * * LOW HITPOINT WARNING * * *
Throw: 2 boomerangs
Press: ? - help, Q - select action, (/) - cycle Shift-Dir - straight line, f - gnoll
Aim: a gnoll, wielding a +0 club and wearing a +0 ring mail (moderately wounded, 61% to hit)
You throw a boomerang.
The boomerang hits the gnoll but does no damage.
The gnoll is moderately wounded.
The gnoll hits you with a +0 club.
You die...

.. . .# ..###### .#
##### #.##...# ..#
....#
#.##.#.#######..#
###.#
#.##.#..........#
..#.# #.#...###....#
#.#.####.#....)g@.#.#
.......#.#....#####)#
#.#g##.#.#....#.)...#
#.#..#.#.##.#.#)#####
#.#....#..g.#.#.#
#.#####....##.#.#
#............)#.#
#######....####.#
#....# #<# #....# ###
######


You could see a gnoll.

Vanquished Creatures
  A worm (D:1)
  2 ball pythons (D:1)
  3 endoplasms (D:1)
  2 giant cockroaches (D:1)
  3 kobolds (D:1)
  A quokka (D:1)
  2 bats (D:1)
  A frilled lizard (D:2)
  5 goblins
  2 rats (D:1)
22 creatures vanquished.

Notes
Turn   | Place    | Note
-------+----------+-------------------------------------------
     0 | D:1      | Lianjan the Ogre Air Elementalist began the quest for the
                  | Orb.
     0 | D:1      | Reached XP level 1. HP: 16/16 MP: 3/3
    24 | D:1      | Found a faded altar of an unknown god.
    43 | D:1      | Reached skill level 1 in Conjurations
   354 | D:1      | Reached XP level 2. HP: 24/24 MP: 0/5
   536 | D:1      | Learned a level 2 spell: Static Discharge
  1108 | D:2      | Noticed Robin
  1390 | D:1      | Reached XP level 3. HP: 18/31 MP: 0/6
  1453 | D:1      | Learned a level 3 spell: Swiftness
  1575 | D:2      | Slain by a gnoll

Illustrated notes

Levels and vault maps discovered:
D:1:      dpeg_arrival_tiny_d, layout_basic, shapermc_ecumenical_altar_venn
D:2:      layout_basic, basic_altar, minmay_misc_feat_alley,
          grunt_decor_resistance, minmay_misc_feat_cross, minmay_tromino_v4_a,
          uniq_sigmund, uniq_robin

Skill      XL: |  1  2 |
---------------+-------+-----
Conjurations   | 1 2 |  2.6
Dodging        | |  1.7
Stealth        | |  1.4
Spellcasting   | |  2.4
Air Magic      | |  2.6

Action                   || total
-------------------------++-------
Melee: Unarmed           ||     9
Throw: Boomerang         ||     3
 Cast: Shock             ||    48
       Static Discharge  ||     6
Armor: Robe              ||     5
Dodge: Dodged            ||    18

Table legend: (Time is in decaauts)
 A = Elapsed time spent in this place.
 B = Non-inter-level travel time spent in this place.
 C = Inter-level travel time spent in this place.
 D = Time resting spent in this place.
 E = Time spent auto-exploring this place.
 F = Levels seen in this place.
 G = Mean time per level.
                   A        B        C        D        E       F      G
               +--------+--------+--------+--------+--------+-----+--------+
         Total |   1575 |   1537 |     38 |    164 |    929 |   2 |  787.5 |
       Dungeon |   1575 |   1537 |     38 |    164 |    929 |   2 |  787.5 |
               +--------+--------+--------+--------+--------+-----+--------+

Top non-repeatable levels by time:
     D:1: 1381 daAuts
     D:2: 194 daAuts
